 Dungeon Crawl Stone Soup version 0.28.0-43-g3370ac3207 (webtiles) character file.

Game seed: 16903330441515976986

30721 terff the Basher (level 13, -1/117 (122) HPs)
             Began as a Hill Orc Fighter on Apr 1, 2022.
             Was the Champion of Okawaru.
             Slain by a wolf spider simulacrum (16 damage)
             ... on level 1 of the Spider Nest.
             The game lasted 00:39:54 (14425 turns).

terff the Basher (Hill Orc Fighter)                Turns: 14425, Time: 00:39:55

HP:   -1/117 (122)  AC: 11    Str: 22      XL:     13   Next: 53%
MP:   7/13          EV: 14    Int:  8      God:    Okawaru [******]
Gold: 1320          SH:  0    Dex: 15 (18) Spells: 12/12 levels left

rFire   . . .      SeeInvis .   d - +4 dire flail (drain)
rCold   . . .      Faith    .   (shield currently unavailable)
rNeg    . . .      Spirit   .   F - +1 troll leather armour
rPois   +          Reflect  .   H - +0 helmet
rElec   .          Harm     .   (no cloak)
rCorr   .          Rampage  .   B - +0 pair of gloves {infuse}
Will    .....                   (no boots)
Stlth   ++........              i - amulet of regeneration
HPRegen 2.69/turn               h - +6 ring of dexterity
MPRegen 0.13/turn               K - ring of poison resistance

@: studying Throwing, lightly drained
A: iridescent scales 1, deterioration 1, regeneration 1
a: Renounce Religion, Heroism, Finesse, Duel


You were on level 1 of the Spider Nest.
You worshipped Okawaru.
Okawaru was exalted by your worship.
You visited 5 branches of the dungeon, and saw 18 of its levels.
You also visited: Ossuary.

You collected 1320 gold pieces.

Inventory:

Hand Weapons
 a - a +0 war axe
 d - a +4 dire flail of draining (weapon)
 o - a +2 whip of electrocution
 S - the +7 executioner's axe "Jaiqaub" {vorpal, rPois rN+ Int-3 Dex+4}
   (Okawaru gifted it to you on level 1 of the Spider Nest)

   It inflicts extra damage upon your enemies.
   Int:       It affects your intelligence (-3).
   Dex:       It affects your dexterity (+4).
   rPois:     It protects you from poison.
   rN:        It protects you from negative energy.
Armour
 c - a +0 buckler
 g - a +2 pair of gloves
 B - a +0 pair of gloves of infusion (worn)
 E - a +2 ring mail of positive energy
 F - a +1 troll leather armour (worn)
 H - a +0 helmet (worn)
 I - a +2 chain mail of fire resistance
 J - a +3 plate armour
Jewellery
 h - a +6 ring of dexterity (left hand)
 i - an amulet of regeneration (around neck)
 m - a +6 ring of dexterity
 r - a ring of protection from cold
 s - a ring of magical power
 K - a ring of poison resistance (right hand)
 M - a ring of resist corrosion
 R - a ring of magical power
Wands
 n - a wand of paralysis (5)
 x - a wand of iceblast (6)
 A - a wand of digging (2)
 D - a wand of mindburst (14)
 N - a wand of flame (9)
 O - a wand of polymorph (2)
Scrolls
 f - 4 scrolls of teleportation
 u - a scroll of holy word
 v - 6 scrolls of amnesia
 y - 3 scrolls of identify
 z - 2 scrolls of noise
 L - a scroll of enchant weapon
Potions
 b - a potion of haste
 e - 3 potions of attraction
 j - 3 potions of flight
 k - 7 potions of curing
 l - a potion of might
 p - 2 potions of ambrosia
 q - 5 potions of lignification
 t - 2 potions of degeneration
 w - a potion of resistance
 C - a potion of berserk rage
 G - a potion of magic
 P - a potion of heal wounds


   Skills:
 + Level 13.2 Fighting
 + Level 10.1(14.9) Axes
 + Level 14.7(15.6) Maces & Flails
 + Level 10.1 Armour
 + Level 5.9 Dodging
 + Level 4.0 Stealth
 + Level 6.0 Shields


You had 12 spell levels left.
You didn't know any spells.
Your spell library contained the following spells:

 Spells                   Type           Power      Damage    Failure   Level
 Beastly Appendage        Tmut           0%         N/A       43%         1
 Magic Dart               Conj           0%         1d3       43%         1
 Sublimation of Blood     Necr           0%         N/A       58%         2
 Wereblood                Tmut           0%         N/A       58%         2
 Frozen Ramparts          Ice            0%         1d2       82%         3
 Mephitic Cloud           Conj/Pois/Air  0%         N/A       82%         3
 Spider Form              Tmut/Pois      0%         N/A       82%         3
 Ice Form                 Ice/Tmut       0%         N/A       99%         4
 Freezing Cloud           Conj/Ice/Air   0%         6-21      100%        5
 Polar Vortex             Ice            0%         N/A       100%        9
 Call Imp                 Summ           Unusable   N/A       N/A         2
 Summon Ice Beast         Ice/Summ       Unusable   N/A       N/A         4
 Simulacrum               Ice/Necr       Unusable   N/A       N/A         6
 Summon Hydra             Summ           Unusable   N/A       N/A         7

Dungeon Overview and Level Annotations

Branches:
Dungeon (11/15)            Temple (1/1) D:7            Lair (2/6) D:11
 Spider (2/4) Lair:2          Orc (2/2) D:10            Elf (0/3) Orc:2
Ossuary (visited)
  Swamp: Lair:2-4    Shoals: Lair:2-4

Altars:
Ashenzari
Cheibriados
Dithmenos
Elyvilon
Fedhas
Hepliaklqana
Kikubaaqudgha
Makhleb
Nemelex Xobeh
Okawaru
Qazlal
Ru
Sif Muna
Trog
Uskayaw
Vehumet
Wu Jian
Xom
Zin

Shops:
D:2 [   Orc:2 ((

Annotations:
D:5 1 runed translucent door, reversiblehash's ghost, novice GnFi
D:6 2 runed translucent doors, WaxSun's ghost, novice OgFE


Innate Abilities, Weirdness & Mutations

You are partially covered in iridescent scales. (AC +2)
Your body sometimes deteriorates upon taking damage.
Your natural rate of healing is unusually fast.


Message History

The wolf spider simulacrum bites you!
The wolf spider simulacrum freezes you!!
* * * LOW HITPOINT WARNING * * *
There is a crawl-hole back to the Lair here.
Blink to where?
Press: ? - help, Dir - move target A jumping spider and a redback come into view.
Found 24 gold pieces.
As you read the scroll of blinking, it crumbles to dust.
You climb downwards.
Found a book of Party Tricks.
Found a stone staircase leading up.
There is a stone staircase leading up here.
You can't go down here!
You climb upwards.
The jumping spider hisses angrily.
The wolf spider simulacrum hits you!
The wolf spider simulacrum freezes you!!
The wolf spider simulacrum bites you.
The wolf spider simulacrum freezes you!!
Your body deteriorates!
You feel clumsy.
A redback comes into view.
The jumping spider leaps!
The wolf spider simulacrum hits you. The wolf spider simulacrum freezes you!
* * * LOW HITPOINT WARNING * * *
Your body deteriorates!
You feel clumsy. The wolf spider simulacrum bites you.
* * * LOW HITPOINT WARNING * * *
The wolf spider simulacrum freezes you!!
* * * LOW HITPOINT WARNING * * *
There is a stone staircase leading down here.
You puncture the wolf spider simulacrum!
The wolf spider simulacrum is almost destroyed.
You hit the wolf spider simulacrum.
The wolf spider simulacrum is almost destroyed.
A redback comes into view.
The wolf spider simulacrum barely misses you.
The wolf spider simulacrum bites you.
* * * LOW HITPOINT WARNING * * *
The wolf spider simulacrum freezes you!
You die...

..# #.......°
#..####.#.....s
#..............##
##..........s....#
..........s..#..#
.....$....^....#
..$#.....#.#..##
......Z@.......## #
.#......#.....#.#.##
^..................#
.........#...#.....#
.....#..^...<.......
.........#......#...
......#....#.###....
...........### ...
.#^..#..# ..


You could see 3 redbacks and a wolf spider simulacrum.

Vanquished Creatures
  An orc warlord (Orc:2)
  5 hydras
  A catoblepas (Lair:2)
  A death knight (D:10)
  Erica (Lair:1)
  3 death yaks (D:11)
  5 two-headed ogres
  2 orc high priests (Orc:2)
  Sonja (D:11)
  A pharaoh ant (Spider:1)
  4 orc sorcerers
  2 orc knights (Orc:2)
  A manticore (D:11)
  A wolf spider (Spider:1)
  Maggie (D:7)
  2 cane toads
  2 komodo dragons
  3 polar bears
  A meliai (Lair:2)
  4 trolls
  A hornet (D:9)
  Grinder (D:4)
  A meliai zombie (D:9)
  3 shadows
  2 wraiths (D:11)
  17 yaks
  2 wyverns
  A steam dragon (D:7)
  A redback (Spider:1)
  A warg (Orc:2)
  8 water moccasins
  An ice beast (D:7)
  20 orc warriors
  4 sky beasts
  A black bear (D:7)
  A hornet zombie (D:6)
  5 ogres
  2 centaurs
  3 kobold brigands
  2 phantoms (D:4)
  3 bullfrogs
  3 scorpions
  A water moccasin zombie (Ossuary)
  5 wyvern zombies
  12 killer bees
  A wight (D:6)
  7 centaur zombies
  5 bullfrog zombies (Ossuary)
  9 orc priests
  5 hounds
  A centaur skeleton (D:7)
  4 jellies
  Jessica (D:3)
  An iguana (D:4)
  3 hell rats (D:11)
  11 orc wizards
  6 killer bee zombies
  A hound skeleton (D:4)
  7 mummies (Ossuary)
  A howler monkey skeleton (D:5)
  2 howler monkey zombies
  4 gnolls (D:5)
  A river rat (D:11)
  5 adders
  2 white imps
  2 ufetubi
  2 dart slugs (D:1)
  43 orcs
  15 endoplasms
  6 goblins
  14 hobgoblins
  2 jackals (D:1)
  6 quokkas
  10 ball pythons
  3 bats
  7 frilled lizards
  18 kobolds
  A quokka skeleton (D:4)
  10 rats
359 creatures vanquished.

Vanquished Creatures (others)
  An orc priest (Orc:2)
  2 orc wizards
  5 fungi
  2 plants
  7 withered plants (Ossuary)
17 creatures vanquished.

Grand Total: 376 creatures vanquished

Notes
Turn   | Place    | Note
-------+----------+-------------------------------------------
     0 | D:1      | terff the Hill Orc Fighter began the quest for the Orb.
     0 | D:1      | Reached XP level 1. HP: 19/19 MP: 1/1
   255 | D:1      | Reached XP level 2. HP: 24/27 MP: 2/2
   570 | D:1      | Reached XP level 3. HP: 28/33 MP: 3/3
   667 | D:1      | Found a faded altar of an unknown god.
  1451 | D:2      | Found a white marble altar of Elyvilon.
  1458 | D:2      | Reached XP level 4. HP: 40/40 MP: 4/4
  1656 | D:2      | Gained mutation: You do not regenerate when monsters are
                  | visible. [potion of mutation]
  1657 | D:2      | Lost mutation: You do not regenerate when monsters are
                  | visible. [potion of mutation]
  1657 | D:2      | Gained mutation: Your natural rate of healing is unusually
                  | fast. [potion of mutation]
  1657 | D:2      | Gained mutation: Your body sometimes deteriorates upon
                  | taking damage. [potion of mutation]
  1657 | D:2      | Gained mutation: You are partially covered in iridescent
                  | scales. (AC +2) [potion of mutation]
  1791 | D:2      | Found Dehuboff's Armour Shoppe.
  2102 | D:3      | Noticed Jessica
  2111 | D:3      | Killed Jessica
  2274 | D:3      | Reached XP level 5. HP: 45/46 MP: 5/5
  2557 | D:4      | Found a shimmering altar of Xom.
  2652 | D:4      | Reached skill level 5 in Axes
  2652 | D:4      | Reached skill level 1 in Dodging
  2660 | D:4      | Noticed a phantom
  2671 | D:4      | Killed a phantom
  2672 | D:4      | Reached XP level 6. HP: 49/53 MP: 6/6
  2684 | D:4      | Noticed Grinder
  2695 | D:4      | Killed Grinder
  2696 | D:4      | Reached XP level 7. HP: 52/60 MP: 7/7
  2705 | D:4      | Reached skill level 5 in Armour
  2708 | D:4      | Noticed a wyvern
  2709 | D:4      | Reached skill level 5 in Fighting
  2724 | D:4      | Killed a wyvern
  2839 | D:4      | Reached XP level 8. HP: 69/69 MP: 8/8
  3376 | D:5      | Entered Level 5 of the Dungeon
  3474 | D:5      | Found a runed translucent door.
  3475 | D:5      | Noticed a yak
  3475 | D:5      | Noticed reversiblehash's ghost (novice GnFi)
  3511 | D:5      | Found a glowing silver altar of Zin.
  3634 | D:5      | Found a radiant altar of Vehumet.
  3679 | D:5      | Reached skill level 5 in Shields
  4074 | D:6      | Found a runed translucent door.
  4075 | D:6      | Noticed WaxSun's ghost (novice OgFE)
  4182 | D:6      | Reached skill level 1 in Maces & Flails
  4182 | D:6      | Reached XP level 9. HP: 78/78 MP: 9/9
  4188 | D:6      | Reached skill level 10 in Axes
  4224 | D:6      | Reached skill level 2 in Maces & Flails
  4278 | D:6      | Found a sand-covered staircase.
  4286 | Ossuary  | Entered an ossuary
  4294 | Ossuary  | Reached skill level 3 in Maces & Flails
  4387 | Ossuary  | Reached skill level 4 in Maces & Flails
  4583 | Ossuary  | Reached skill level 5 in Maces & Flails
  4808 | D:6      | Found a bloodstained altar of Trog.
  4999 | D:6      | Found a runed translucent door.
  5325 | D:7      | Reached skill level 6 in Maces & Flails
  5331 | D:7      | Reached XP level 10. HP: 70/86 MP: 10/10
  5349 | D:7      | Found a staircase to the Ecumenical Temple.
  5378 | D:7      | Reached skill level 7 in Maces & Flails
  5382 | Temple   | Entered the Ecumenical Temple
  5388 | Temple   | Became a worshipper of Warmaster Okawaru
  5609 | D:7      | Noticed Maggie
  5616 | D:7      | Killed Maggie
  5626 | D:7      | Reached skill level 8 in Maces & Flails
  6356 | D:8      | Reached * piety under Okawaru
  7148 | D:9      | Noticed a two-headed ogre
  7153 | D:9      | Noticed a two-headed ogre
  7217 | D:9      | Noticed a two-headed ogre
  7227 | D:9      | Killed a two-headed ogre
  7228 | D:9      | Reached skill level 9 in Maces & Flails
  7713 | D:9      | Found a blossoming altar of Fedhas.
  7844 | D:9      | Reached ** piety under Okawaru
  7856 | D:9      | Reached skill level 1 in Stealth
  7856 | D:9      | Reached XP level 11. HP: 95/95 MP: 0/11
  7883 | D:9      | Killed a two-headed ogre
  7884 | D:9      | Reached skill level 10 in Maces & Flails
  8057 | D:9      | Killed a two-headed ogre
  8060 | D:9      | Reached *** piety under Okawaru
  8452 | D:10     | Entered Level 10 of the Dungeon
  8465 | D:10     | Noticed a death knight
  8510 | D:10     | Killed a death knight
  8518 | D:10     | Found a staircase to the Orcish Mines.
  8601 | D:10     | Reached skill level 11 in Maces & Flails
  8703 | D:10     | Noticed a two-headed ogre
  8733 | D:10     | Killed a two-headed ogre
  8733 | D:10     | Reached **** piety under Okawaru
  9325 | D:10     | Found a sacrificial altar of Ru.
  9531 | Orc:1    | Entered Level 1 of the Orcish Mines
  9531 | Orc:1    | Noticed an orc sorcerer
  9536 | Orc:1    | Killed an orc sorcerer
  9667 | Orc:2    | Entered Level 2 of the Orcish Mines
  9762 | Orc:2    | Found Ulilir's Weapon Shop.
 10086 | Orc:2    | Found a staircase to the Elven Halls.
 10110 | Orc:2    | Noticed an orc knight
 10110 | Orc:2    | Noticed an orc sorcerer
 10110 | Orc:2    | Noticed an orc knight
 10135 | Orc:2    | Reached skill level 12 in Maces & Flails
 10178 | Orc:2    | Killed an orc knight
 10179 | Orc:2    | Reached skill level 10 in Fighting
 10194 | Orc:2    | Noticed an orc sorcerer
 10199 | Orc:2    | Killed an orc sorcerer
 10205 | Orc:2    | Reached ***** piety under Okawaru
 10206 | Orc:2    | Reached XP level 12. HP: 95/106 MP: 1/12
 10233 | Orc:2    | Noticed an orc warlord
 10252 | Orc:2    | Killed an orc warlord
 10295 | Orc:2    | Received a gift from Okawaru
 10328 | Orc:2    | Noticed a soul eater
 10383 | Orc:2    | Noticed an orc high priest
 10488 | Orc:2    | Noticed an orc high priest
 10524 | Orc:2    | Noticed a soul eater
 10528 | Orc:2    | Killed an orc high priest
 10529 | Orc:2    | Reached skill level 13 in Maces & Flails
 10649 | Orc:2    | Found Jiwkae's Firing Range.
 10661 | Orc:2    | Killed an orc high priest
 11108 | D:11     | Noticed a four-headed hydra
 11116 | D:11     | Killed a four-headed hydra
 11242 | D:11     | Noticed Sonja
 11268 | D:11     | Killed Sonja
 11372 | D:11     | Noticed a two-headed ogre
 11377 | D:11     | Killed a two-headed ogre
 11505 | D:11     | Noticed a death yak
 11507 | D:11     | Found a staircase to the Lair.
 11511 | D:11     | Noticed a death yak
 11511 | D:11     | Noticed a death yak
 11520 | D:11     | Killed a death yak
 11520 | D:11     | Identified the +0 ring mail of the Desolation of Salt
                  | {Str+3} (Okawaru gifted it to you on level 11 of the
                  | Dungeon)
 11520 | D:11     | Received a gift from Okawaru
 11541 | D:11     | Killed a death yak
 11549 | D:11     | Killed a death yak
 11550 | D:11     | Reached skill level 14 in Maces & Flails
 12023 | Lair:1   | Entered Level 1 of the Lair of Beasts
 12076 | Lair:1   | Reached skill level 5 in Dodging
 12076 | Lair:1   | Reached XP level 13. HP: 100/118 MP: 10/13
 12504 | Lair:1   | Reached skill level 10 in Armour
 12683 | Lair:1   | Noticed Erica
 12699 | Lair:1   | Killed Erica
 13514 | Lair:2   | Found a hole to the Spider Nest.
 13561 | Lair:2   | Reached ****** piety under Okawaru
 14358 | Spider:1 | Entered Level 1 of the Spider Nest
 14369 | Spider:1 | Identified the +7 executioner's axe "Jaiqaub" {vorpal,
                  | rPois rN+ Int-3 Dex+4} (Okawaru gifted it to you on level 1
                  | of the Spider Nest)
 14369 | Spider:1 | Received a gift from Okawaru
 14425 | Spider:1 | Slain by a wolf spider simulacrum

Illustrated notes

Levels and vault maps discovered:
D:1:      lightli_arrival_windingriver, layout_basic,
          shapermc_ecumenical_altar_acropolis, kennysheep_minor_cross,
          st_stairs_8
D:2:      layout_rooms, serial_shops, shop, basic_altar
D:3:      layout_rooms, uniq_jessica
D:4:      layout_loops_ring, tgw_xom, minmay_manual_macuahuitl, uniq_grinder
D:5:      layout_basic, zin_academy, nicolae_vehumet_radiance,
          ebering_ghost_inner_flame
D:6:      layout_loops_ring, bloody_trog, lightli_ossuary_entry_decrepit_ruins,
          ebering_ghost_sewer_f, chequers_serial_rivers_small_3,
          minmay_diced_spiral
D:7:      minmay_razor_zed, layout_basic, minmay_temple_entry_overgrown,
          minmay_misc_feat_room, uniq_maggie
D:8:      layout_loops_cross, roderic_serpentine_path, grunt_ministairs_7,
          minmay_misc_feat_plants, chequers_serial_rivers_room_a
D:9:      layout_basic, mainiacjoe_overflow_tiny_flanked
D:10:     layout_gridville, nicolae_ru_awakened_eye, orc_0_dummy
D:11:     layout_loops_ring, dpeg_lair_monsters, minmay_misc_feat_cross,
          uniq_sonja
Temple:   nicolae_temple_x_marks_the_god
Lair:1:   layout_chaotic_city, uniq_erica
Lair:2:   nzn_winding_woodlands_small [nzn_winding_woodlands_5x15_crooked,
          nzn_winding_woodlands_center_triple_pond,
          nzn_winding_woodlands_5x15_pockets], layout_cave_pods,
          hellmonk_spider_entry_not_the_bees
Spider:1: layout_spider_delve, uniq_kirke
Spider:2: layout_spider_delve, gammafunk_ghost_split
Orc:1:    layout_caves
Orc:2:    grunt_orc_cross, layout_diamond_mine, serial_shops,
          nicolae_shop_advertising_works [nicolae_subvault_shop_adworks],
          nicolae_shop_firing_range

Skill      XL: |  1  2  3  4  5  6  7  8  9 10 11 12 13 |
---------------+----------------------------------------+-----
Axes           | 3 4 5 6 8 9 10 | 10.1
Fighting       | 4 5 6 7 8 10 12 13 | 13.2
Armour         | 4 5 6 7 9 10 | 10.1
Dodging        | 1 2 3 5 |  5.9
Shields        | 4 5 6 |  6.0
Maces & Flails | 1 6 9 12 14 | 14.7
Stealth        | 1 3 4 |  4.0

Action                   |  1- 3 |  4- 6 |  7- 9 | 10-12 | 13-15 || total
-------------------------+-------+-------+-------+-------+-------++-------
Melee: War axe           |   100 |   105 |   130 |       |       ||   335
       Whip              |       |       |   267 |       |       ||   267
       Dire flail        |       |       |    21 |   547 |   178 ||   746
  Use: Scroll            |     3 |     2 |    13 |    12 |     5 ||    35
       Potion            |       |     2 |     1 |     6 |       ||     9
 Stab: Sleeping          |       |       |       |     2 |       ||     2
       Petrified         |       |       |       |       |     8 ||     8
Armor: Scale mail        |    58 |    34 |       |       |       ||    92
       Chain mail        |       |    22 |   214 |   107 |       ||   343
       Ring mail         |       |       |       |    27 |       ||    27
       Troll leather arm |       |       |       |    96 |    73 ||   169
       Skin              |       |       |       |     7 |       ||     7
Dodge: Dodged            |    70 |    39 |   167 |   380 |   153 ||   809
Block: Buckler           |    24 |    34 |   121 |       |       ||   179
